 Dungeon Crawl Stone Soup version 0.21.1-1-g345015f (webtiles) character file.

135 diana the Ducker (level 4, -3/35 HPs)
             Began as a Demonspawn Gladiator on June 5, 2018.
             Blown up by Ijyb (15 damage)
             ... with a wand of disintegration (14)
             ... on level 3 of the Dungeon.
             The game lasted 00:02:49 (2034 turns).

diana the Ducker (Demonspawn Gladiator)             Turns: 2034, Time: 00:02:50

Health: -3/35      AC:  6    Str: 14    XL:     4   Next: 97%
Magic:  4/4        EV: 13    Int: 10    God:
Gold:   145        SH:  0    Dex: 15    Spells: 3/3 levels left

rFire    . . .     SeeInvis .   a - +0 long sword
rCold    . . .     Gourm    .   (no shield)
rNeg     . . .     Faith    .   b - +0 leather armour
rPois    .         Spirit   .   c - +0 helmet
rElec    .         Reflect  .   (no cloak)
rCorr    .         Harm     .   (no gloves)
MR       .....                  (no boots)
Stlth    +.........             (no amulet)
HPRegen  0.11/turn              (no ring)
MPRegen  0.09/turn              (no ring)

@: no status effects
A: talons 1, slimy green scales 1
a: no special abilities


You were on level 3 of the Dungeon.
You were hungry.

You visited 1 branch of the dungeon, and saw 3 of its levels.

You collected 145 gold pieces.

Inventory:

Hand Weapons
 a - a +0 long sword (weapon)
Missiles
 d - 3 throwing nets (quivered)
Armour
 b - a +0 leather armour (worn)
 c - a +0 helmet (worn)
Scrolls
 e - 2 scrolls of enchant weapon {unknown}
 g - 2 scrolls of remove curse {unknown}
 h - 3 scrolls of identify {unknown}
 j - a scroll of amnesia {unknown}
Potions
 l - a potion of cancellation {unknown}
Comestibles
 f - 2 rations


   Skills:
 + Level 3.3 Fighting
 + Level 3.6 Long Blades
 - Level 1.7 Throwing
 + Level 3.7 Dodging


You had 3 spell levels left.
You didn't know any spells.

Dungeon Overview and Level Annotations

Branches:
Dungeon (3/15)

Altars:
Dithmenos

Annotations:
D:3 Ijyb


Innate Abilities, Weirdness & Mutations

You have sharp toenails.
You are partially covered in slimy green scales. (AC +2)


Message History

There is a stone staircase leading down here.
You climb downwards.
Ijyb the Twisted Goblin comes into view.
She is wielding a club.
Ijyb shouts!
There is a stone staircase leading up here.
Ijyb zaps a wand.
You are blasted!
It is a wand of disintegration (15).
A goblin comes into view. It is wielding a dagger.
The goblin shouts!
Ijyb misses you.
You hit Ijyb but do no damage.
The goblin unwields an uncursed dagger.
The goblin wields a hunting sling.
The goblin shoots a stone.
The stone hits you but does no damage.
Ijyb zaps a wand.
You are blasted!
You are too injured to fight recklessly!
The goblin shoots a stone.
The stone barely misses you.
The stone hits Ijyb but does no damage.
There is a stone staircase leading up here.
The goblin unwields an uncursed hunting sling.
The goblin wields an uncursed dagger.
The goblin hits you but does no damage.
Ijyb zaps a wand.
You are blasted!
You die...

.... #..#
#..# #..#
###..###
#....(.# #
#.(#
#.#.#g.#.#
#...g@...#
###.###..#
#. ..... #
#.....
###... ...
..


You could see Ijyb and a goblin.

Vanquished Creatures
  Jessica (D:2)
  Robin (D:2)
  3 adders (D:2)
  2 oozes (D:1)
  A worm (D:2)
  7 giant cockroaches (D:1)
  14 goblins
  6 hobgoblins
  3 jackals (D:1)
  5 bats
  3 frilled lizards
  3 kobolds
  8 rats
57 creatures vanquished.

Notes
Turn   | Place    | Note
-------+----------+-------------------------------------------
     0 | D:1      | diana the Demonspawn Gladiator began the quest for the Orb.
     0 | D:1      | Reached XP level 1. HP: 16/16 MP: 1/1
     1 | D:1      | Found a runed door.
   175 | D:1      | Gained mutation: You have sharp toenails. [demonic ancestry]
   175 | D:1      | Reached XP level 2. HP: 20/22 MP: 2/2
   841 | D:1      | Gained mutation: You are partially covered in slimy green scales. (AC +2) [demonic ancestry]
   841 | D:1      | Reached XP level 3. HP: 10/28 MP: 3/3
  1325 | D:2      | Noticed Jessica
  1326 | D:2      | Reached XP level 4. HP: 28/35 MP: 4/4
  1331 | D:2      | Killed Jessica
  1575 | D:2      | Noticed Robin
  1592 | D:2      | Killed Robin
  1929 | D:2      | Found a shadowy altar of Dithmenos.
  2028 | D:3      | Noticed Ijyb
  2034 | D:3      | Blown up by Ijyb

Skill      XL: |  1  2  3 |
---------------+----------+-----
Dodging        | 3 |  3.7
Long Blades    | 3 |  3.6
Fighting       | 3 |  3.3
Throwing       | |  1.7

Action                   |  1- 3 |  4- 6 || total
-------------------------+-------+-------++-------
Melee: Long sword        |    95 |    41 ||   136
       Kick              |    21 |    11 ||    32
  Use: Potion            |     2 |     2 ||     4
 Stab: Sleeping          |     1 |       ||     1
  Eat: Chunk             |     1 |     2 ||     3
Armor: Leather armour    |    38 |    27 ||    65
Dodge: Dodged            |    85 |    51 ||   136
       Rpst.: Long sword |    22 |    10 ||    32
